 Dungeon Crawl Stone Soup version 0.31-a0-662-g684573625c (webtiles) character file.

Game seed: 2932374856380832736

7172 Ekaitz the Geomancer (level 10, -11/53 HPs)
             Began as a Deep Elf Earth Elementalist on Sept 1, 2023.
             Was a Believer of Vehumet.
             Killed from afar by an acid dragon (18 damage)
             ... with a splash of acid
             ... on level 10 of the Dungeon.
             The game lasted 00:26:57 (11105 turns).

Ekaitz the Geomancer (Deep Elf Earth Elementalist) Turns: 11105, Time: 00:26:57

Health: -11/53     AC:  4    Str:  5    XL:     10   Next: 86%
Magic:  3/25       EV: 13    Int: 21    God:    Vehumet [**....]
Gold:   695        SH: 13    Dex: 19    Spells: 14/27 levels left

rFire   + + .        D - +1 short sword (elec)
rCold   + . .        q - +2 buckler
rNeg    . . .        B - +1 robe "Laguox" {+Inv rPois rF+ Stlth+}
rPois   +            J - +0 helmet
rElec   .            f - scarf {rC+ rF+}
rCorr   .            (no gloves)
SInv    .            (no boots)
Will    +....        P - amulet of reflection
Stlth   +++++        (no ring)
HPRegen 0.28/turn    (no ring)
MPRegen 0.19/turn

%: reflection
@: no status effects
A: no striking features
a: Renounce Religion, Evoke Invisibility


You were on level 10 of the Dungeon.
You worshipped Vehumet.
Vehumet was pleased with you.
You visited 2 branches of the dungeon, and saw 11 of its levels.

You collected 731 gold pieces.
You spent 36 gold pieces at shops.

Inventory:

Hand Weapons
 d - a +0 dagger of speed
 v - a +2 spear of distortion
 D - a +1 short sword of electrocution (weapon)
 Q - a +4 trident of draining
Missiles
 a - 10 poisoned darts
 E - 8 curare-tipped darts
Armour
 f - a scarf of resistance (worn)
 q - a +2 buckler (worn)
 z - the +0 robe of Exclusion {rC+ rCorr}
   (You found it on level 6 of the Dungeon)

   rC+:       It protects you from cold.
   rCorr:     It protects you from acid and corrosion.
 B - the +1 robe "Laguox" (worn) {+Inv rPois rF+ Stlth+}
   (You found it on level 6 of the Dungeon)

   rF+:       It protects you from fire.
   rPois:     It protects you from poison +Inv: It lets you turn invisible.
   Stlth+:    It makes you more stealthy.
 J - a +0 helmet (worn)
 L - a +2 robe of fire resistance
 N - a +0 troll leather armour
 R - an orb of mayhem
Jewellery
 P - an amulet of reflection (around neck)
Talismans
 m - a flux talisman
Wands
 o - a wand of mindburst (12)
 u - a wand of quicksilver (27)
 F - a wand of charming (7)
Scrolls
 c - 4 scrolls of fear {unknown}
 g - 3 scrolls of teleportation
 h - 5 scrolls of revelation
 i - a scroll of amnesia {unknown}
 k - 4 scrolls of identify
 n - 5 scrolls of noise
 r - a scroll of immolation {unknown}
 s - 3 scrolls of torment {unknown}
 t - a scroll of enchant weapon {unknown}
 x - 2 scrolls of brand weapon {unknown}
 y - a scroll of butterflies {unknown}
 C - a scroll of fog {unknown}
 G - a scroll of blinking {unknown}
 M - a scroll of vulnerability {unknown}
Potions
 b - a potion of magic
 e - 3 potions of mutation {unknown}
 j - 3 potions of heal wounds {unknown}
 l - a potion of might {unknown}
 p - 4 potions of curing
 w - 3 potions of cancellation {unknown}
 A - a potion of brilliance {unknown}
 H - 2 potions of lignification {unknown}
 I - a potion of berserk rage {unknown}
 K - 2 potions of degeneration {unknown}
 O - a potion of haste {unknown}


   Skills:
 + Level 2.0 Fighting
 + Level 2.4 Short Blades
 + Level 4.5 Dodging
 + Level 6.9 Stealth
 + Level 4.3 Shields
 + Level 9.0 Spellcasting
 * Level 9.2 Conjurations
 * Level 0.5 Summonings
 + Level 3.1 Necromancy
 * Level 2.9 Transmutations
 * Level 9.8 Earth Magic
 + Level 1.5 Evocations


You had 14 spell levels left.
You knew the following spells:

 Your Spells              Type           Power      Damage    Failure   Level
a - Sandblast             Erth           100%       2d20      1%          1
b - Passwall              Tmut/Erth      30%        N/A       1%          2
c - Stone Arrow           Conj/Erth      98%        3d13      1%          3
d - Petrify               Tmut/Erth      36%        N/A       9%          4
i - Call Imp              Summ           22%        N/A       14%         2
x - Kiss of Death         Conj/Necr      100%       2d13      1%          1

Your spell library contained the following spells:

 Spells                   Type           Power      Damage    Failure   Level
 Shock                    Conj/Air       100%       1d9       1%          1
 Magic Dart               Conj           100%       1d8       1%          1
 Mephitic Cloud           Conj/Pois/Air  22%        N/A       10%         3
 Apportation              Tloc           18%        N/A       12%         1
 Animate Armour           Summ/Erth      62%        N/A       14%         4
 Alistair's Intoxication  Tmut/Pois      10%        N/A       88%         5
 Lehudib's Crystal Spear  Conj/Erth      24%        10d7      100%        8


Dungeon Overview and Level Annotations

Branches:
Dungeon (10/15)            Temple (1/1) D:6
   Lair: D:8-11         Orc: D:9-12

Altars:
Ashenzari
Cheibriados
Dithmenos
Elyvilon
Fedhas
Gozag
Hepliaklqana
Kikubaaqudgha
Makhleb
Nemelex Xobeh
Okawaru
Qazlal
Ru
Sif Muna
Trog
Uskayaw
Vehumet
Wu Jian
Xom
Yredelemnul
The Shining One

Shops:
D:3 !


Message History

You destroy the rat zombie!
Vehumet accepts your kill.
The acid dragon roars!
Casting: Stone Arrow (safe; 1% risk of failure)
Confirm with . or Enter, or press ? or * to list all spells.
Aiming: Stone Arrow (safe; 1% risk of failure)
Press: ? - help, Shift-Dir - straight line, f - bat zombie
Aim: a bat zombie (dormant, 100% to hit)
Okay, then.
Okay, then.
Unknown command.
Casting: Stone Arrow (safe; 1% risk of failure)
Confirm with . or Enter, or press ? or * to list all spells.
A tiny devil pulls itself out of the air.
Your cerulean imp hits the bat zombie but does no damage.
Casting: Call Imp (safe; 14% risk of failure)
Confirm with . or Enter, or press ? or * to list all spells.
You don't have enough magic to cast this spell.
The acid dragon spits acid at you. The splash of acid hits you!
* * * LOW HITPOINT WARNING * * *
You block the bat zombie's attack.
Your cerulean imp barely misses the bat zombie.
Unknown command.
You hit the bat zombie.
The bat zombie is severely damaged.
You block the bat zombie's attack. The bat zombie barely misses you.
Your cerulean imp hits the bat zombie from afar with a -3 spear.
The bat zombie is destroyed!
Vehumet accepts your kill.
Unknown command.
Found an ancient bone altar of Kikubaaqudgha.
The acid dragon spits acid at you.
The splash of acid hits your cerulean imp!!
The acid corrodes your cerulean imp!
Your cerulean imp dies!
Your cerulean imp disappears in a puff of smoke!
The acid dragon spits acid at you. The splash of acid hits you!!
You die...

......# #....#
#_#
......###..###
#.#
...........#
###.###
...........#
#≈...≈#
.....####).#
#≈...≈# ...###
#..# #≈...≈#
...# #..#
#≈...≈# ...#
#..# #≈)..≈#
...# #†.#
#≈.@.≈# ...#
#..# #≈.§.≈#
...# #..#
#≈...≈# ...#
#..# ###.###
...# #..# #D#
...# #..# #.#
...# #..# #.#
...# #..# #..
...#
#..######.


You could see an acid dragon (catching breath).

Vanquished Creatures
  A two-headed ogre (D:9)
  A cyclops (D:10)
  Jeremiah (D:6)
  A kobold demonologist (D:6)
  2 trolls
  A hornet (D:9)
  Prince Ribbit (D:6)
  3 wyverns
  5 humans (D:9)
  A yak (D:10)
  3 vampire mosquitoes (D:10)
  Menkaure (D:4)
  A warg (D:10)
  A black bear (D:5)
  3 ice beasts
  3 sky beasts
  4 ogres
  A centaur (D:9)
  3 kobold brigands
  3 phantoms (D:5)
  A bullfrog (D:6)
  3 scorpions
  A water moccasin zombie (D:5)
  5 wights
  A water moccasin skeleton (D:5)
  A killer bee (D:7)
  2 bullfrog zombies (D:5)
  4 hounds
  7 orc priests
  An iguana (D:5)
  2 sleepcaps (D:7)
  4 orc wizards
  A hound skeleton (D:5)
  2 gnolls (D:2)
  5 adders
  3 shadow imps
  4 white imps
  An ufetubus (D:6)
  An adder zombie (D:5)
  3 worms
  3 dart slugs
  20 orcs
  8 endoplasms
  3 giant cockroaches
  10 goblins
  10 hobgoblins
  14 kobolds
  4 quokkas
  9 ball pythons
  4 bats
  5 frilled lizards
  2 rats
  2 rat zombies (D:10)
186 creatures vanquished.

Vanquished Creatures (collateral kills)
  A bat zombie (D:10)
1 creature vanquished.

Grand Total: 187 creatures vanquished

Notes
Turn   | Place    | Note
-------+----------+-------------------------------------------
     0 | D:1      | Ekaitz the Deep Elf Earth Elementalist began the quest for
                  | the Orb.
     0 | D:1      | Reached XP level 1. HP: 10/10 MP: 6/6
   144 | D:1      | Reached XP level 2. HP: 15/15 MP: 5/8
   147 | D:1      | Learned a level 2 spell: Passwall
   277 | D:1      | Found a faded altar of an unknown god.
   662 | D:1      | Reached XP level 3. HP: 19/19 MP: 6/9
   666 | D:1      | Learned a level 3 spell: Stone Arrow
  1201 | D:2      | Reached skill level 1 in Fighting
  1443 | D:2      | Reached XP level 4. HP: 25/25 MP: 11/11
  1613 | D:3      | Found Padaewn's Distillery.
  1621 | D:3      | Bought a potion of curing for 36 gold pieces
  1899 | D:3      | Found a shimmering altar of Xom.
  1899 | D:3      | Found a shimmering altar of Xom.
  1899 | D:3      | Found a shimmering altar of Xom.
  2434 | D:3      | Reached XP level 5. HP: 29/29 MP: 6/12
  2439 | D:3      | Learned a level 4 spell: Petrify
  2651 | D:4      | Found a stormy altar of Qazlal.
  2872 | D:4      | Reached skill level 1 in Conjurations
  2997 | D:4      | Reached skill level 5 in Earth Magic
  3041 | D:4      | Found a burning altar of Makhleb.
  3095 | D:4      | Found an iron altar of Okawaru.
  3096 | D:4      | Noticed Menkaure
  3142 | D:4      | Noticed an ogre
  3143 | D:4      | Killed Menkaure
  3144 | D:4      | Reached skill level 1 in Shields
  3144 | D:4      | Reached XP level 6. HP: 33/34 MP: 1/14
  3238 | D:4      | Reached skill level 1 in Short Blades
  3628 | D:5      | Entered Level 5 of the Dungeon
  3719 | D:5      | Reached XP level 7. HP: 36/38 MP: 3/16
  3824 | D:5      | Reached skill level 5 in Spellcasting
  4199 | D:5      | Reached XP level 8. HP: 44/44 MP: 14/18
  4413 | D:5      | You fall into a shaft and drop 3 floors!
  4417 | D:7      | Found a bloodstained altar of Trog.
  4500 | D:6      | Identified the +0 robe of Exclusion {rC+ rCorr}
  5028 | D:5      | Found a snail-covered altar of Cheibriados.
  5130 | D:5      | Reached skill level 5 in Conjurations
  5284 | D:6      | Reached skill level 5 in Stealth
  5355 | D:6      | Found a sparkling altar of Nemelex Xobeh.
  5361 | D:6      | Found a glowing golden altar of the Shining One.
  5480 | D:6      | Noticed Prince Ribbit
  5483 | D:6      | Killed Prince Ribbit
  5883 | D:6      | Noticed Jeremiah
  5979 | D:6      | Identified the +1 robe "Laguox" {+Inv rPois rF+ Stlth+}
  5990 | D:6      | Reached XP level 9. HP: 41/48 MP: 8/21
  6102 | D:6      | Noticed a kobold demonologist
  6107 | D:6      | Found a staircase to the Ecumenical Temple.
  6115 | D:6      | Killed a kobold demonologist
  6131 | D:6      | Reached skill level 1 in Evocations
  6149 | Temple   | Entered the Ecumenical Temple
  6255 | Temple   | Became a worshipper of Vehumet
  7439 | D:8      | Found a shadowy altar of Dithmenos.
  8056 | D:8      | Found a basalt altar of Yredelemnul.
  8300 | D:9      | Found a hide-covered altar of Uskayaw.
  8337 | D:9      | Reached * piety under Vehumet
  8337 | D:9      | Offered knowledge of Kiss of Death by Vehumet.
  8338 | D:9      | Noticed a two-headed ogre
  8372 | D:9      | Learned a level 1 spell: Kiss of Death
  8392 | D:9      | Killed a two-headed ogre
  8393 | D:9      | Reached skill level 1 in Necromancy
  8393 | D:9      | Reached XP level 10. HP: 45/53 MP: 0/24
 10070 | D:6      | Killed Jeremiah
 10230 | D:10     | Entered Level 10 of the Dungeon
 10272 | D:10     | Noticed a two-headed ogre
 10523 | D:10     | Noticed a cyclops
 10532 | D:10     | Killed a cyclops
 10870 | D:10     | Learned a level 2 spell: Call Imp
 11080 | D:10     | Offered knowledge of Shock by Vehumet.
 11093 | D:10     | Reached ** piety under Vehumet
 11104 | D:10     | Found an ancient bone altar of Kikubaaqudgha.
 11105 | D:10     | Killed from afar by an acid dragon

Illustrated notes

Levels and vault maps discovered:
D:1:      minmay_arrival_statue_studded, layout_basic, basic_ecumenical_altar
D:2:      layout_rooms, minmay_quantized
D:3:      layout_loops_ring, xom_redecorated, serial_shops, shop,
          dk_noncrumbling_3
D:4:      layout_loops_cross, okawaru_ov_weapons_minmay,
          nicolae_qazlal_scattered_showers, mainiacjoe_overflow_brackets,
          minmay_misc_feat_pillars, uniq_menkaure
D:5:      lemuel_ice_spiral_2, layout_rooms, slow_altar_2, serial_undead,
          serial_undead_b, serial_undead_e, serial_undead_b, serial_undead_d,
          serial_undead_e, serial_undead_d
D:6:      layout_layer_cave, mainiacjoe_overflow_big_doors,
          minmay_temple_entry_waves, uniq_jeremiah, uniq_prince_ribbit1
D:7:      cheibrodos_helix_gallery, layout_basic, nicolae_overflow_crystal_walls
D:8:      layout_layer_cave, nicolae_dithmenos_through_a_glass_darkly,
          lemuel_round_altar, bh_walls_and_bars
D:9:      layout_cave_pools, nicolae_uskayaw_murder_on_the_dancefloor,
          minmay_ruffians
D:10:     layout_long_grid, zin_treasury, lemuel_zombie_altar_kikubaaqudgha,
          erik_orc_4, hangedman_decor_peaks_small, hangedman_decor_slide_cut
Temple:   nicolae_temple_cloud_nine

Skill      XL: |  1  2  3  4  5  6  7  8  9 10 |
---------------+-------------------------------+-----
Earth Magic    | 4 5 6 7 8 9 |  9.8
Fighting       | 1 2 |  2.0
Stealth        | 3 4 5 6 |  6.9
Spellcasting   | 4 5 6 8 9 |  9.0
Conjurations   | 1 2 3 5 7 9 |  9.2
Shields        | 1 2 3 4 |  4.3
Transmutations | 2 |  2.9
Short Blades   | 1 2 |  2.4
Dodging        | 3 4 |  4.5
Evocations     | 1 |  1.5
Necromancy     | 1 3 |  3.1
Summonings     | |  0.5

Action                     |  1- 3 |  4- 6 |  7- 9 | 10-12 || total
---------------------------+-------+-------+-------+-------++-------
  Melee: Dagger            |    26 |    33 |    24 |       ||    83
         Punch             |       |       |     1 |       ||     1
         Short sword       |       |       |    15 |    33 ||    48
   Cast: Sandblast         |    27 |     7 |     2 |       ||    36
         Passwall          |     8 |     5 |     6 |     7 ||    26
         Stone Arrow       |     5 |    34 |   105 |    60 ||   204
         Petrify           |       |       |     1 |     3 ||     4
         Kiss of Death     |       |       |       |     4 ||     4
         Call Imp          |       |       |       |     1 ||     1
  Evoke: Wand              |       |       |     2 |       ||     2
    Use: Scroll            |       |       |       |     5 ||     5
         Potion            |       |       |       |     3 ||     3
   Stab: Sleeping          |    12 |     9 |     9 |     5 ||    35
         Distracted        |     1 |       |       |       ||     1
         Petrified         |       |       |       |     2 ||     2
 Armour: Robe              |     3 |    17 |    34 |    50 ||   104
  Dodge: Dodged            |    15 |    31 |    36 |    23 ||   105
  Block: Buckler           |       |       |    14 |    32 ||    46
         Reflection        |       |       |       |     1 ||     1

Table legend: (Time is in decaauts)
 A = Elapsed time spent in this place.
 B = Non-inter-level travel time spent in this place.
 C = Inter-level travel time spent in this place.
 D = Time resting spent in this place.
 E = Time spent auto-exploring this place.
 F = Levels seen in this place.
 G = Mean time per level.
                   A        B        C        D        E       F      G
               +--------+--------+--------+--------+--------+-----+--------+
         Total |  11124 |  10440 |    684 |    825 |   7613 |  11 | 1011.3 |
       Dungeon |  11010 |  10333 |    677 |    825 |   7514 |  10 | 1101.0 |
        Temple |    113 |    106 |      7 |      0 |     99 |   1 |  113.0 |
               +--------+--------+--------+--------+--------+-----+--------+

Top non-repeatable levels by time:
     D:6: 1702 daAuts
     D:9: 1374 daAuts
     D:5: 1232 daAuts
     D:4: 1215 daAuts
     D:3: 1159 daAuts
     D:7: 964 daAuts
     D:8: 941 daAuts
     D:2: 849 daAuts
     D:1: 799 daAuts
    D:10: 771 daAuts
  Temple: 113 daAuts
